 Dungeon Crawl Stone Soup version 0.21.1-1-g345015f (webtiles) character file.

325 letownia2 the Conjurer (level 6, 0/32 HPs)
             Began as a Tengu Wizard on Mar 2, 2018.
             Was an Initiate of Sif Muna.
             Slain by a hound skeleton (2 damage)
             ... on level 3 of the Dungeon.
             The game lasted 00:07:57 (1287 turns).

letownia2 the Conjurer (Tengu Wizard)               Turns: 1287, Time: 00:07:57

Health: 0/32       AC:  3    Str:  7    XL:     6   Next: 48%
Magic:  11/11      EV: 12    Int: 20    God:    Sif Muna [......]
Gold:   46         SH:  0    Dex: 13    Spells: 3/11 levels left

rFire    . . .     SeeInvis .   a - +1 falchion (elec)
rCold    . . .     Gourm    .   (no shield)
rNeg     + . .     Faith    .   i - +0 leather armour
rPois    .         Spirit   .   l - +0 hat
rElec    .         Reflect  .   (no cloak)
rCorr    .         Harm     .   (no gloves)
MR       .....                  (boots unavailable)
Stlth    ++........             (no amulet)
HPRegen  0.10/turn              o - ring of positive energy
MPRegen  0.12/turn              (no ring)

@: lethally poisoned (0 -> -6), about to teleport, very slightly contaminated,
hasted, very quick
A: beak, talons 3, able to fly 1
a: Fly, Renounce Religion


You were on level 3 of the Dungeon.
You worshipped Sif Muna.
Sif Muna was noncommittal.
You were not hungry.

You visited 2 branches of the dungeon, and saw 5 of its levels.

You collected 46 gold pieces.

Inventory:

Hand Weapons
 a - a +1 falchion of electrocution (weapon)
 b - a +2 hand axe of freezing
 j - a +0 short sword
 k - a +0 hunting sling
 n - a +2 flail of crushing
 p - a +0 war axe
 q - a +0 rapier
 t - a +0 flail of protection
 u - a cursed -2 scimitar
Armour
 i - a +0 leather armour (worn)
 l - a +0 hat (worn)
 v - a +1 robe of magic resistance
Jewellery
 o - a ring of positive energy (left hand)
Wands
 m - a wand of scattershot (1)
Scrolls
 e - a scroll of remove curse
 f - 3 scrolls of identify
 r - a scroll of fog
Potions
 g - a potion of magic
 h - a potion of haste
Books
 c - a book of Minor Magic

   Spells                             Type                      Level
   a - Magic Dart                     Conjuration                  1
   b - Blink                          Translocation                2
   c - Call Imp                       Summoning                    2
   d - Slow                           Hexes                        2
   e - Conjure Flame                  Conjuration/Fire             3
   f - Mephitic Cloud                 Conjuration/Poison/Air       3
Comestibles
 d - 5 rations


   Skills:
 - Level 2.1 Dodging
 - Level 2.0 Stealth
 - Level 3.0 Spellcasting
 + Level 6.6 Conjurations
 - Level 1.2 Summonings
 - Level 0.7 Translocations
 + Level 4.9 Air Magic


You had 3 spell levels left.
You knew the following spells:

 Your Spells              Type           Power        Failure   Level  Hunger
a - Magic Dart            Conj           ####         1%          1    None
b - Blink                 Tloc           N/A          24%         2    ##.....
e - Mephitic Cloud        Conj/Pois/Air  ###.....     13%         3    ###....
i - Call Imp              Summ           #.......     21%         2    ##.....


Dungeon Overview and Level Annotations

Branches:
Dungeon (4/15)             Temple (1/1) D:4

Altars:
Ashenzari
Dithmenos
Elyvilon
Fedhas
Gozag
Kikubaaqudgha
Makhleb
Nemelex Xobeh
Sif Muna
Trog
Xom
The Shining One


Innate Abilities, Weirdness & Mutations

You have a beak for a mouth.
You have claws for feet.
You can fly.


Message History

* * * LOW HITPOINT WARNING * * *
You feel sick.
Casting: Magic Dart
Confirm with . or Enter, or press ? or * to list all spells.
You don't know that spell.
Casting: Magic Dart
Confirm with . or Enter, or press ? or * to list all spells.
You don't know that spell.
Okay, then.
As you read the scroll labeled MUP CENAERHEWI, it crumbles to dust.
It is a scroll of identify.
r - a scroll of fog
As you read the scroll labeled YPHO HIDDIMPA, it crumbles to dust.
You feel blessed for a moment.
It was a scroll of remove curse.
* * * LOW HITPOINT WARNING * * *
You feel sick.
As you read the scroll labeled HULE BUBORELOI, it crumbles to dust.
You feel strangely unstable.
It was a scroll of teleportation.
The hound skeleton bites you.
You die...

### #..
#.### #...
# #..# .#
#..# ..#
#..###...#
#.@Z$....#
#...#...##
#...# .r.
#†<†# #
#...#
#...#
#..[#
#.>.#
#...#


You could see a rat and a hound skeleton.

Vanquished Creatures
  Blork the orc (D:4)
  A bullfrog (D:4)
  A hound (D:4)
  A centaur skeleton (D:4)
  An orc wizard (D:4)
  Robin (D:4)
  5 adders
  An adder skeleton (D:4)
  2 worms (D:4)
  A leopard gecko (D:1)
  11 orcs (D:4)
  4 ball pythons
  2 bats (D:1)
  A giant cockroach (D:3)
  4 goblins (D:4)
  7 hobgoblins
  2 jackals (D:4)
  2 frilled lizards
  A kobold (D:2)
  A leopard gecko zombie (D:4)
  3 rats
53 creatures vanquished.

Notes
Turn   | Place    | Note
-------+----------+-------------------------------------------
     0 | D:1      | letownia2 the Tengu Wizard began the quest for the Orb.
     0 | D:1      | Reached XP level 1. HP: 10/10 MP: 5/5
    27 | D:1      | Reached skill level 2 in Conjurations
   168 | D:1      | Reached XP level 2. HP: 7/15 MP: 2/7
   190 | D:1      | Learned a level 2 spell: Call Imp
   196 | D:1      | Reached skill level 3 in Conjurations
   324 | D:2      | Reached skill level 4 in Conjurations
   324 | D:2      | Reached XP level 3. HP: 19/19 MP: 1/8
   329 | D:2      | Learned a level 3 spell: Mephitic Cloud
   411 | D:4      | Learned a level 2 spell: Blink
   487 | D:4      | Reached skill level 1 in Air Magic
   563 | D:4      | Reached XP level 4. HP: 11/24 MP: 1/9
   565 | D:4      | Noticed a bullfrog
   605 | D:4      | Killed a bullfrog
   605 | D:4      | Reached skill level 5 in Conjurations
   605 | D:4      | Gained mutation: You can fly. [Tengu growth]
   605 | D:4      | Reached XP level 5. HP: 11/28 MP: 2/10
   876 | D:4      | Noticed Robin
   896 | D:4      | Killed Robin
   988 | D:4      | Found a staircase to the Ecumenical Temple.
   988 | D:4      | Noticed Blork the orc
   992 | Temple   | Entered the Ecumenical Temple
  1028 | Temple   | Became a worshipper of Sif Muna the Loreminder
  1113 | D:4      | Killed Blork the orc
  1113 | D:4      | Reached skill level 6 in Conjurations
  1113 | D:4      | Reached XP level 6. HP: 27/32 MP: 9/11
  1287 | D:3      | Slain by a hound skeleton

Skill      XL: |  1  2  3  4  5 |
---------------+----------------+-----
Conjurations   | 2 4 5 6 |  6.6
Air Magic      | 2 3 4 |  4.9
Dodging        | |  2.1
Stealth        | |  2.0
Spellcasting   | |  3.0
Summonings     | |  1.2
Translocations | |  0.7

Action                   |  1- 3 |  4- 6 || total
-------------------------+-------+-------++-------
Melee: Unarmed           |     7 |       ||     7
       Peck              |     5 |    12 ||    17
       Hand axe          |    11 |    26 ||    37
       Short sword       |     8 |       ||     8
       Kick              |     3 |    15 ||    18
       Falchion          |       |    30 ||    30
 Cast: Magic Dart        |    43 |    26 ||    69
       Mephitic Cloud    |     2 |     8 ||    10
       Blink             |     1 |       ||     1
Evoke: Wand              |       |     2 ||     2
  Use: Scroll            |       |     3 ||     3
       Potion            |       |     2 ||     2
 Stab: Confused          |       |     3 ||     3
       Sleeping          |       |     1 ||     1
  Eat: Chunk             |       |     2 ||     2
Armor: Robe              |     5 |       ||     5
       Leather armour    |     2 |     9 ||    11
Dodge: Dodged            |    23 |    46 ||    69
       Rpst.: Falchion   |       |     9 ||     9
